 Dungeon Crawl Stone Soup version 0.28-a0-1395-g4f6bc678fa (webtiles) character file.

Game seed: 10882545243728383065

149 HallandMoats the Skirmisher (level 5, -3/43 HPs)
             Began as a Demonspawn Monk on Jan 5, 2022.
             Was an Elder of Fedhas.
             Killed by nerve-wracking pain
             ... invoked by an orc priest
              (11 damage)
             ... on level 4 of the Dungeon.
             The game lasted 00:04:51 (4284 turns).

HallandMoats the Skirmisher (Demonspawn Monk)       Turns: 4284, Time: 00:04:51

Health: -3/43      AC:  2    Str: 14    XL:     5   Next: 9%
Magic:  5/5        EV: 13    Int: 11    God:    Fedhas [****..]
Gold:   78         SH:  5    Dex: 15    Spells: 4/4 levels left

rFire   . . .      SeeInvis .   a - +0 falchion
rCold   . . .      Faith    .   (no shield)
rNeg    . . .      Spirit   .   b - +0 robe
rPois   .          Reflect  +   (no helmet)
rElec   .          Harm     .   (no cloak)
rCorr   .          Rampage  .   (no gloves)
Will    .....                   (no boots)
Stlth   ++........              l - amulet of reflection
HPRegen 0.14/turn               (no ring)
MPRegen 0.09/turn               (no ring)

@: no status effects
A: foul stench 1
a: Renounce Religion, Wall of Briars, Grow Ballistomycete, Overgrow


You were on level 4 of the Dungeon.
You worshipped Fedhas.
Fedhas was greatly pleased with you.
You visited 1 branch of the dungeon, and saw 4 of its levels.

You collected 78 gold pieces.

Inventory:

Hand Weapons
 a - a +0 falchion (weapon)
Armour
 b - a +0 robe (worn)
Jewellery
 i - a ring of fire
 k - a ring of wizardry
 l - an amulet of reflection (around neck)
Scrolls
 c - a scroll of holy word {unknown}
 e - a scroll of noise {unknown}
 g - 3 scrolls of amnesia {unknown}
 j - a scroll of fog {unknown}
 m - a scroll of teleportation {unknown}
 n - a scroll of blinking {unknown}
Potions
 d - a potion of magic {unknown}
 f - a potion of brilliance {unknown}
 h - 3 potions of curing {unknown}


   Skills:
 * Level 4.7 Fighting
 + Level 3.5 Long Blades
 + Level 3.4 Dodging
 - Level 1.7 Stealth


You had 4 spell levels left.
You didn't know any spells.
Your spell library contained the following spells:

 Spells                   Type           Power      Damage    Failure   Level
 Sting                    Tmut/Pois      0%         1d3       34%         1
 Passwall                 Tmut/Erth      0%         N/A       47%         2
 Poisonous Vapours        Pois/Air       0%         N/A       47%         2
 Swiftness                Air            0%         N/A       71%         3
 Olgreb's Toxic Radiance  Pois           0%         N/A       98%         4
 Summon Forest            Summ/Tloc      0%         N/A       100%        5
 Summon Mana Viper        Hex/Summ       0%         N/A       100%        5
 Summon Cactus Giant      Summ           0%         N/A       100%        6


Dungeon Overview and Level Annotations

Branches:
Dungeon (4/15)
 Temple: D:4-7

Altars:
Fedhas


Innate Abilities, Weirdness & Mutations

You may rarely emit foul miasma when damaged in melee.


Message History

Done waiting.
There is a stone staircase leading down, spattered with blood here.
You climb downwards.
You hear the hiss of flowing sand.
There is an entrance to an ossuary on this level.
Hurry and find it before the portal is buried!
You hear the quick hiss of a distant avalanche of sand.
The orc priest looks satisfied for a moment.
There is a stone staircase leading up here.
You closely miss the orc wizard.
The orc wizard hits you with a staff of air.
The orc hits you with a +0 hand axe. The orc wizard closely misses you.
The orc priest invokes the aid of Beogh against you.
Beogh smites you!
You slash the orc priest!
The orc priest is heavily wounded.
The orc barely misses you.
The orc wizard gestures at you while chanting.
The magic dart hits you. The orc priest misses you.
You hit the orc priest.
The orc priest is heavily wounded.
The orc misses you.
The orc wizard hits you with a staff of air.
The orc priest hits you with a +0 falchion.
You hit the orc priest.
The orc priest is severely wounded.
The orc barely misses you.
The orc wizard hits you but does no damage.
The orc priest mumbles some strange prayers to Beogh against you.
Pain shoots through your body!
* * * LOW HITPOINT WARNING * * *
You hit the orc priest but do no damage.
The orc priest is severely wounded.
The orc hits you with a +0 hand axe.
* * * LOW HITPOINT WARNING * * *
The orc wizard hits you with a staff of air.
* * * LOW HITPOINT WARNING * * *
The orc priest invokes the aid of Beogh against you.
Pain shoots through your body!
You die...
Fedhas appreciates your contribution to the ecosystem.

#........# #........#
###......>.# ....
..... #..##...#
##......# . #.<.#..#
.# #..oo.# .#
#..#@.####..#
#....o#....#
#.##....####
#......(...##########
###....###..........#
#...#######.......#
.........o.....)†...#
#......#######......#
#...... #......#


You could see an orc priest, an orc wizard and an orc.

Vanquished Creatures
  7 adders
  3 dart slugs
  2 orcs
  8 ball pythons
  7 bats
  3 endoplasms
  7 giant cockroaches
  4 goblins
  9 hobgoblins
  2 kobolds
  7 quokkas
  7 frilled lizards
  10 rats
76 creatures vanquished.

Notes
Turn   | Place    | Note
-------+----------+-------------------------------------------
     0 | D:1      | HallandMoats the Demonspawn Monk began the quest for the
                  | Orb.
     0 | D:1      | Reached XP level 1. HP: 18/18 MP: 1/1
   221 | D:1      | Gained mutation: You may rarely emit foul miasma when
                  | damaged in melee. [demonic ancestry]
   221 | D:1      | Reached XP level 2. HP: 12/24 MP: 2/2
   458 | D:1      | Found a faded altar of an unknown god.
   615 | D:1      | Reached XP level 3. HP: 13/30 MP: 3/3
  1091 | D:1      | Prayed at the altar of an unknown god.
  1091 | D:1      | Became a worshipper of Fedhas Madash
  1091 | D:1      | Reached * piety under Fedhas
  1091 | D:1      | Reached ** piety under Fedhas
  1378 | D:2      | Reached *** piety under Fedhas
  1379 | D:2      | Reached skill level 4 in Fighting
  1576 | D:2      | Reached XP level 4. HP: 21/37 MP: 4/4
  3838 | D:4      | Reached XP level 5. HP: 24/43 MP: 5/5
  3838 | D:4      | Reached **** piety under Fedhas
  4284 | D:4      | Killed from afar by an orc priest

Illustrated notes

Levels and vault maps discovered:
D:1:      shiori_shiawase, layout_basic, chequers_ecumenical_altar_simple,
          palyth_stone_intersect
D:2:      wad_pebble_path, layout_loops_ring
D:3:      layout_loops_ring, kennysheep_decorative_pillar
D:4:      minmay_diamond_boxcup, layout_rooms, enter_ossuary_2

Skill      XL: |  1  2  3 |
---------------+----------+-----
Dodging        | 3 |  3.4
Long Blades    | 3 |  3.5
Fighting       | 4 |  4.7
Stealth        | |  1.7

Action                   |  1- 3 |  4- 6 || total
-------------------------+-------+-------++-------
Melee: Falchion          |   115 |   150 ||   265
 Stab: Sleeping          |     3 |     4 ||     7
Armor: Robe              |    11 |    30 ||    41
Dodge: Dodged            |    99 |   129 ||   228
Block: Other             |       |    30 ||    30

Table legend: (Time is in decaauts)
 A = Elapsed time spent in this place.
 B = Non-inter-level travel time spent in this place.
 C = Inter-level travel time spent in this place.
 D = Time resting spent in this place.
 E = Time spent auto-exploring this place.
 F = Levels seen in this place.
 G = Mean time per level.
                   A        B        C        D        E       F      G
               +--------+--------+--------+--------+--------+-----+--------+
         Total |   4321 |   4220 |    101 |   1213 |   2236 |   4 | 1080.2 |
       Dungeon |   4321 |   4220 |    101 |   1213 |   2236 |   4 | 1080.2 |
               +--------+--------+--------+--------+--------+-----+--------+

Top non-repeatable levels by time:
     D:3: 1750 daAuts
     D:2: 1233 daAuts
     D:1: 1142 daAuts
     D:4: 194 daAuts
